 Dungeon Crawl Stone Soup version 0.29-a0-582-ge82337ba6a (webtiles) character file.

Game seed: 15687995191654755264

128 bande the Covered (level 5, 0/33 HPs)
             Began as a Gargoyle Fighter on June 15, 2022.
             Slain by an orc
             ... wielding a +0 hand axe
              (4 damage)
             ... on level 2 of the Dungeon.
             The game lasted 00:04:28 (3661 turns).

bande the Covered (Gargoyle Fighter)                Turns: 3661, Time: 00:04:28

Health: 0/33       AC: 14    Str: 19    XL:     5   Next: 12%
Magic:  5/5        EV:  7    Int:  9    God:
Gold:   241        SH:  4    Dex: 11    Spells: 4/4 levels left

rFire   . . .      SeeInvis .   a - +0 war axe
rCold   . . .      Faith    .   c - +0 buckler
rNeg    + . .      Spirit   .   o - +0 chain mail
rPois   ∞          Reflect  .   f - +0 helmet
rElec   +          Harm     .   (no cloak)
rCorr   .          Rampage  .   (no gloves)
Will    .....                   (no boots)
Stlth   ..........              (no amulet)
HPRegen 0.11/turn               n - ring of flight
MPRegen 0.09/turn               (no ring)

@: flying
A: sickness immunity, AC +4, negative energy resistance 1, electricity
resistance, torment resistance 1, petrification resistance
a: no special abilities


You were on level 2 of the Dungeon.
You visited 1 branch of the dungeon, and saw 3 of its levels.

You collected 241 gold pieces.

Inventory:

Hand Weapons
 a - a +0 war axe (weapon)
 m - a +0 flail
Armour
 c - a +0 buckler (worn)
 f - a +0 helmet (worn)
 o - a +0 chain mail (worn)
Jewellery
 n - a ring of flight (left hand)
 p - an amulet of magic regeneration
Scrolls
 b - 2 scrolls of identify {unknown}
 j - a scroll of teleportation
 k - a scroll of magic mapping
 q - a scroll of noise {unknown}
Potions
 d - a potion of might
 e - 4 potions of curing {unknown}
 g - a potion of attraction {unknown}
 h - 2 potions of ambrosia {unknown}
 i - a potion of berserk rage {unknown}
 l - a potion of flight {unknown}


   Skills:
 + Level 4.0 Fighting
 + Level 3.2 Axes
 + Level 4.3 Armour
 + Level 3.8 Shields


You had 4 spell levels left.
You didn't know any spells.
Your spell library contained the following spells:

 Spells                   Type           Power      Damage    Failure   Level
 Call Canine Familiar     Summ           0%         N/A       100%        3
 Portal Projectile        Hex/Tloc       0%         N/A       100%        3
 Leda's Liquefaction      Hex/Erth       0%         N/A       100%        4


Dungeon Overview and Level Annotations

Branches:
Dungeon (3/15)

Altars:

Shops:
D:1 (


Innate Abilities, Weirdness & Mutations

You are immune to sickness and miasma.
Your stone body is resilient. (AC +4)
You are immune to poison.
You resist negative energy. (rN+)
You are resistant to electric shocks. (rElec)
You are resistant to unholy torment.
You are immune to petrification.


Message History

An orc comes into view. It is wielding a +0 club.
You block the gnoll's attack.
A dart slug comes into view. x2
You completely miss the gnoll.
The orc shouts!
You hear a shout! x2
The gnoll hits you with a +0 spear.
An orc comes into view. It is wielding a +0 short sword.
The gnoll barely misses you. The gnoll hits you with a +0 spear.
The gnoll hits you from afar with a +0 halberd!
The orc moves out of view.
The gnoll closely misses you. The orc hits you but does no damage.
The gnoll hits you with a +0 halberd.
There is a stone staircase leading up here.
You block the gnoll's attack. The orc hits you but does no damage.
The gnoll hits you from afar with a +0 spear.
The orc wizard hits you but does no damage.
You fly upwards.
There is a stone staircase leading down, spattered with blood here.
You see here a +0 club.
Unknown command.
You barely miss the orc. You barely miss the gnoll.
You closely miss the orc wizard. The orc barely misses you.
The orc wizard points at you and mumbles some strange words.
The puff of flame hits you. The gnoll hits you with a +0 halberd.
* * * LOW HITPOINT WARNING * * *
You closely miss the orc. You slash the orc wizard! You slash the gnoll!
The orc hits you with a +0 hand axe.
* * * LOW HITPOINT WARNING * * *
You block the orc wizard's attack. You block the gnoll's attack.
Unknown command.
You hit the orc but do no damage.
You hit the orc wizard but do no damage.
You closely miss the gnoll. The orc completely misses you.
The orc wizard hits you but does no damage.
The gnoll completely misses you.
Unknown command.
You barely miss the orc. You hit the orc wizard. You hit the gnoll.
You kill the gnoll!
The orc hits you with a +0 hand axe.
You die...

#....# #.# ######.#####.####
#...............#
######.###.#####.###.#
###......#.....#.....#.####
.....##..#.#..)#####.#....# ###
.##.(.#....###.......#.##.# #.#
.#.#.......###.####..####.###.##
.....<.........)@o.............#
.#...###.#.....o[########...#.##
.............##.....[.#####.#.#
...<..............##.#......#.###
..##..##.....##......#.######....
......#####........###.# ####.
#.###...........#......#########.
#.###.......................(....
#.#....##########...#############


You could see an orc wizard and an orc.

Vanquished Creatures
  6 gnolls (D:2)
  3 adders (D:2)
  2 worms (D:2)
  A dart slug (D:2)
  5 orcs (D:2)
  2 ball pythons
  4 endoplasms (D:2)
  A giant cockroach (D:2)
  A goblin (D:1)
  3 hobgoblins (D:2)
  5 jackals (D:2)
  A bat (D:1)
  3 frilled lizards
  5 kobolds
  3 rats
  2 toadstools (D:1)
47 creatures vanquished.

Vanquished Creatures (others)
  3 toadstools (D:1)
3 creatures vanquished.

Grand Total: 50 creatures vanquished

Notes
Turn   | Place    | Note
-------+----------+-------------------------------------------
     0 | D:1      | bande the Gargoyle Fighter began the quest for the Orb.
     0 | D:1      | Reached XP level 1. HP: 14/14 MP: 1/1
   294 | D:1      | Found a faded altar of an unknown god.
   408 | D:1      | Reached XP level 2. HP: 19/19 MP: 2/2
   456 | D:1      | Found Denuman's Antique Weapon Shop.
  1549 | D:2      | Reached XP level 3. HP: 21/23 MP: 3/3
  2158 | D:2      | Reached XP level 4. HP: 25/29 MP: 4/4
  3193 | D:2      | Reached XP level 5. HP: 22/33 MP: 5/5
  3661 | D:2      | Slain by an orc

Illustrated notes

Levels and vault maps discovered:
D:1:      nicolae_arrival_memento_mori, layout_loops_ring,
          ebering_ecumenical_altar_webs, serial_shops, shop_fountains,
          minmay_gold_behind_fungi, minivault_25
D:2:      layout_basic
D:3:      layout_rooms

Skill      XL: |  1  2  3  4  5 |
---------------+----------------+-----
Axes           | 2 3 |  3.2
Armour         | 4 |  4.3
Fighting       | 4 |  4.0
Shields        | |  3.8

Action                   |  1- 3 |  4- 6 || total
-------------------------+-------+-------++-------
Melee: War axe           |    92 |    46 ||   138
  Use: Scroll            |     3 |       ||     3
Armor: Scale mail        |    37 |       ||    37
       Chain mail        |    29 |    90 ||   119
Dodge: Dodged            |    35 |    53 ||    88
Block: Buckler           |    24 |    27 ||    51

Table legend: (Time is in decaauts)
 A = Elapsed time spent in this place.
 B = Non-inter-level travel time spent in this place.
 C = Inter-level travel time spent in this place.
 D = Time resting spent in this place.
 E = Time spent auto-exploring this place.
 F = Levels seen in this place.
 G = Mean time per level.
                   A        B        C        D        E       F      G
               +--------+--------+--------+--------+--------+-----+--------+
         Total |   3727 |   3720 |      7 |   1874 |   1341 |   3 | 1242.3 |
       Dungeon |   3727 |   3720 |      7 |   1874 |   1341 |   3 | 1242.3 |
               +--------+--------+--------+--------+--------+-----+--------+

Top non-repeatable levels by time:
     D:2: 2868 daAuts
     D:1: 824 daAuts
     D:3: 34 daAuts
